 Dungeon Crawl Stone Soup version 0.31.0 (webtiles) character file.

Game seed: 474482178062784878

48 Jase the Cudgeller (level 3, -1/36 HPs)
             Began as an Oni Gladiator on Jan 19, 2024.
             Was an Initiate of Gozag.
             Slain by Pargi (8 damage)
             ... on level 3 of the Dungeon.
             The game lasted 00:05:28 (1587 turns).

Jase the Cudgeller (Oni Gladiator)                  Turns: 1587, Time: 00:05:29

Health: -1/36      AC:  3    Str: 18    XL:     3   Next: 72%
Magic:  3/3        EV: 11    Int: 11    God:    Gozag
Gold:   48         SH:  0    Dex: 16    Spells: 2/2 levels left

rFire   . . .        a - +0 flail
rCold   . . .        (no shield)
rNeg    . . .        b - +0 robe
rPois   .            c - +0 hat
rElec   .            (no cloak)
rCorr   .            (gloves unavailable)
SInv    .            (boots unavailable)
Will    .....        (no amulet)
Stlth   +            g - +6 ring of dexterity
HPRegen 0.26/turn    (no ring)
MPRegen 0.08/turn

%: no passive effects
@: no status effects
A: large, unfitting armour, horns 1, tough skin 1, double potion healing,
drunken brawling
a: Renounce Religion, Potion Petition, Call Merchant, Bribe Branch


You were on level 3 of the Dungeon.
You worshipped Gozag.
Gozag was noncommittal.
You visited 2 branches of the dungeon, and saw 5 of its levels.

You collected 146 gold pieces.
You spent 40 gold pieces at shops.
You paid 58 gold pieces to Gozag.

Inventory:

Hand Weapons
 a - a +0 flail (weapon)
Missiles
 d - 3 throwing nets (quivered)
 e - 5 large rocks
 f - 30 stones
 i - 3 poisoned darts
Armour
 b - a +0 robe (worn)
 c - a +0 hat (worn)
Jewellery
 g - a +6 ring of dexterity (left hand)
Scrolls
 h - a scroll of enchant weapon {unknown}
 k - a scroll of silence {unknown}
 m - a scroll of identify {unknown}
 o - 4 scrolls of teleportation {unknown}
Potions
 j - 3 potions of ambrosia {unknown}
 l - a potion of curing {unknown}
 n - a potion of attraction {unknown}
 p - a potion of mutation {unknown}
 q - 2 potions of might {unknown}


   Skills:
 - Level 2.7 Fighting
 + Level 3.8 Maces & Flails
 - Level 2.0 Throwing
 + Level 3.5 Dodging


You had 2 spell levels left.
You didn't know any spells.
Your spell library contained the following spells:

 Spells                   Type           Power      Damage    Failure   Level
 Foxfire                  Conj/Fire      0%         2x1d4     34%         1
 Necrotise                Necr           0%         1d4       34%         1
 Lesser Beckoning         Tloc           0%         N/A       47%         2
 Mercury Vapours          Alch/Air       0%         N/A       47%         2
 Gell's Gravitas          Tloc           0%         N/A       71%         3
 Mephitic Cloud           Conj/Alch/Air  0%         N/A       71%         3
 Teleport Other           Tloc           0%         N/A       71%         3
 Vampiric Draining        Necr           0%         2d6       71%         3
 Cause Fear               Hex            0%         N/A       98%         4
 Martyr's Knell           Necr/Summ      0%         N/A       98%         4
 Curse of Agony           Necr           0%         N/A       100%        5
 Fireball                 Conj/Fire      0%         3d3       100%        5
 Freezing Cloud           Conj/Ice/Air   0%         6-21      100%        5
 Plasma Beam              Fire/Air       0%         2x1d10    100%        6
 Starburst                Conj/Fire      0%         6d3       100%        6
 Dragon's Call            Summ           0%         N/A       100%        9


Dungeon Overview and Level Annotations

Branches:
Dungeon (4/15)             Temple (1/1) D:4

Altars:
Ashenzari
Dithmenos
Elyvilon
Fedhas
Gozag
Kikubaaqudgha
Okawaru
Qazlal
Ru
Sif Muna
Uskayaw
Vehumet
Wu Jian
Yredelemnul
Zin
The Shining One

Shops:
D:1 *

Annotations:
D:3 Pargi
D:4 1 transporter, Menkaure


Innate Abilities, Weirdness & Mutations

You are too large for most types of armour.
You have a pair of small horns on your head.
You have tough skin. (AC +1)
You gain doubled healing and magic from potions.
Whenever you drink a healing potion, you attack all around you.


Message History

No target in view!
You now have 48 gold pieces (gained 5).
Found a leather armour.
You see here a +0 leather armour.
Found a stone staircase leading up.
Pargi the Meek comes into view.
Pargi shouts!
Pargi bites you. Pargi claws you. Pargi claws you but does no damage.
You hit Pargi but do no damage. You headbutt Pargi!
Pargi is moderately wounded.
Pargi barely misses you. Pargi claws you. x2
You sock Pargi!
Pargi is heavily wounded.
Pargi closely misses you. Pargi claws you but does no damage. Pargi claws you.
You hit Pargi.
Pargi is severely wounded.
Pargi bites you but does no damage. Pargi claws you. Pargi barely misses you.
You miss Pargi. Your headbutt misses Pargi.
Pargi is heavily wounded.
Pargi barely misses you. x2; Pargi misses you.
You closely miss Pargi.
Pargi is heavily wounded.
Pargi bites you. Pargi barely misses you. Pargi claws you. Pargi bites you.
Pargi claws you. Pargi claws you but does no damage.
You are too injured to fight recklessly!
You are too injured to fight recklessly!
You completely miss Pargi.
Pargi is heavily wounded.
Pargi completely misses you. Pargi claws you. x2
* * * LOW HITPOINT WARNING * * *
You hit Pargi but do no damage. Your headbutt misses Pargi.
Pargi is heavily wounded.
Pargi bites you.
* * * LOW HITPOINT WARNING * * *
Pargi completely misses you. Pargi barely misses you.
You completely miss Pargi. You headbutt Pargi.
Pargi is severely wounded.
Pargi bites you!
You die...
Your body crumbles into a pile of gold.

....... ....##..##### #...#
.....### #.........# ###.#
.....# ####..##..## #.#
.)...#######<...##...####.###
................##......#...#
.###########....#####.#...#.#
.# #....# #..##.#.# .#
####.## ##.[#.... .# #.@#
##.###### .# ##.T.# #..## ..
###.# ##..# # ..# ##.## .#
#..# .# ##.## # #..## ##..#
####


You could see Pargi.

Vanquished Creatures
  A dart slug (D:4)
  A ribbon worm (D:3)
  2 endoplasms
  3 giant cockroaches
  3 goblins
  7 hobgoblins
  3 kobolds (D:1)
  3 quokkas
  6 ball pythons
  5 bats
  5 frilled lizards
  4 rats
43 creatures vanquished.

Notes
Turn   | Place    | Note
-------+----------+-------------------------------------------
     0 | D:1      | Jase the Oni Gladiator began the quest for the Orb.
     0 | D:1      | Reached XP level 1. HP: 22/22 MP: 1/1
   289 | D:1      | Reached XP level 2. HP: 29/29 MP: 2/2
   320 | D:1      | Found Oge Vapt's General Store.
   361 | D:1      | Bought a potion of brilliance for 40 gold pieces
   944 | D:2      | Reached XP level 3. HP: 36/36 MP: 3/3
  1065 | D:2      | Found a shadowy altar of Dithmenos.
  1306 | D:3      | You fall into a shaft and drop 1 floor!
  1355 | D:4      | Found a staircase to the Ecumenical Temple.
  1361 | Temple   | Entered the Ecumenical Temple
  1387 | Temple   | Became a worshipper of Gozag Ym Sagoz the Greedy
  1426 | D:4      | Found a transporter.
  1429 | D:4      | Found an ancient bone altar of Kikubaaqudgha.
  1432 | D:4      | Noticed Menkaure
  1434 | D:4      | Found a basalt altar of Yredelemnul.
  1501 | D:3      | Found a faded altar of an unknown god.
  1576 | D:3      | Noticed Pargi
  1587 | D:3      | Slain by Pargi

Illustrated notes

Levels and vault maps discovered:
D:1:      roderic_chinese_lattice_arrival, layout_basic, serial_shops, shop
D:2:      layout_basic, basic_altar
D:3:      layout_rooms, chequers_ecumenical_altar_twisty, uniq_pargi
D:4:      layout_basic, gammafunk_temple_of_torment,
          minmay_temple_entry_enclosed_plants, uniq_grinder, uniq_blork_the_orc
Temple:   minmay_temple_curvy_branch

Skill      XL: |  1  2 |
---------------+-------+-----
Dodging        | 3 |  3.5
Fighting       | |  2.7
Maces & Flails | |  3.8
Throwing       | |  2.0

Action                     || total
---------------------------++-------
  Melee: Flail             ||    85
         Headbutt          ||    24
   Stab: Sleeping          ||     3
 Armour: Robe              ||    52
  Dodge: Dodged            ||    53
